 Dungeon Crawl Stone Soup version 0.26-a0-21-gf97e55dc39 (webtiles) character file.

Game seed: 2382608595724396343, levelgen mode: deterministic

891 vurker the Ruffian (level 7, -8/71 HPs)
             Began as a Troll Chaos Knight on May 26, 2020.
             Was a Plaything of Xom.
             Mangled by a hornet (13 damage)
             ... while paralysed by a hornet
             ... on level 6 of the Dungeon.
             The game lasted 00:07:14 (3598 turns).

vurker the Ruffian (Troll Chaos Knight)             Turns: 3598, Time: 00:07:15

Health: -8/71      AC: 11    Str: 23    XL:     7   Next: 77%
Magic:  6/6        EV:  1    Int:  8    God:    Xom [*.....]
Gold:   249        SH:  0    Dex:  9    Spells: 6/6 levels left

rFire    . . .     SeeInvis .     - Unarmed
rCold    + . .     Gourm    +   (no shield)
rNeg     . . .     Faith    .   a - +2 robe
rPois    .         Spirit   .   (helmet restricted)
rElec    .         Reflect  .   A - +2 cloak
rCorr    .         Harm     .   (gloves unavailable)
MR       .....                  (boots unavailable)
Stlth    +.........             (no amulet)
HPRegen  0.61/turn              v - ring of protection from cold
MPRegen  0.10/turn              (no ring)

@: paralysed, mighty, lethally poisoned (-8 -> -13), slowed
A: large, unfitting armour, claws 3, fast metabolism 3, gourmand, regeneration
1, shaggy fur 1, tough skin 3
a: Renounce Religion


You were on level 6 of the Dungeon.
You worshipped Xom.
You were a special plaything of Xom.
You were very full.

You visited 1 branch of the dungeon, and saw 6 of its levels.

You collected 249 gold pieces.

Inventory:

Armour
 a - a +2 robe (worn)
 A - a +2 cloak (worn)
   (You found it on level 5 of the Dungeon)
Jewellery
 v - a ring of protection from cold (left claw)
   (You found it on level 4 of the Dungeon)
Scrolls
 d - a scroll of fog {unknown}
 g - 3 scrolls of immolation {unknown}
 i - a scroll of noise {unknown}
 j - 2 scrolls of random uselessness {unknown}
 k - a scroll of teleportation {unknown}
 m - 2 scrolls of amnesia {unknown}
 p - 2 scrolls of enchant weapon {unknown}
 s - 2 scrolls of remove curse {unknown}
 x - 2 scrolls of magic mapping {unknown}
 y - a scroll of silence {unknown}
Potions
 f - a potion of cancellation
 n - a potion of flight
 q - a potion of haste
 w - 2 potions of curing
Comestibles
 e - 5 rations
 z - a chunk of flesh


   Skills:
 + Level 4.8 Fighting
 - Level 1.9 Dodging
 * Level 7.9 Unarmed Combat


You had 6 spell levels left.
You didn't know any spells.
Your spell library was empty.

Dungeon Overview and Level Annotations

Branches:
Dungeon (6/15)             Temple (0/1) D:5

Altars:
Elyvilon
Hepliaklqana
Nemelex Xobeh
Sif Muna
Xom

Annotations:
D:4 1 runed translucent door, HYPERHYPER's ghost, amateur DDFi


Innate Abilities, Weirdness & Mutations

You are too large for most types of armour.
You have claws for hands.
Your metabolism is lightning-fast.
You like to eat raw meat.
Your natural rate of healing is unusually fast.
You are covered in fur. (AC +1)
You have extremely tough skin. (AC +3)


Message History

The hornet stings you but does no damage.
You closely miss the hornet. Your claw misses the hornet.
The hornet stings you but does no damage.
You scratch the hornet.
You feel yourself speed up. The hornet stings you!
You feel yourself slow down.
The hornet stings you but does no damage.
You completely miss the hornet.
You feel yourself speed up. The hornet stings you!
You feel yourself slow down. The hornet closely misses you.
You closely miss the hornet. The hornet barely misses you.
The hornet stings you.
* * * LOW HITPOINT WARNING * * *
You suddenly lose the ability to move!
You can move again.
You closely miss the hornet. The hornet barely misses you.
The hornet stings you.
* * * LOW HITPOINT WARNING * * *
You feel as though you will be slow longer.
Okay, then.
You feel very mighty all of a sudden. The hornet closely misses you.
The orc wizard gestures wildly while chanting.
The orc wizard seems to speed up.
The hornet stings you!
* * * LOW HITPOINT WARNING * * *
You are poisoned.
You shrug off the repeated paralysis!
You hear a bark!
Unknown command.
You claw the hornet!
You feel sick. The hornet completely misses you.
The hornet stings you but does no damage.
You closely miss the hornet.
You feel yourself speed up.
You feel sick. Xom briefly touches your surroundings. The hornet stings you.
* * * LOW HITPOINT WARNING * * *
You are more poisoned.
You suddenly lose the ability to move!
The hornet stings you.
* * * LOW HITPOINT WARNING * * *
You feel yourself slow down.
* * * LOW HITPOINT WARNING * * *
You feel sick.
The orc wizard mumbles some strange words.
The orc wizard blinks!
The hornet stings you!
You die...
Xom laughs nastily!

#..........# ##........##
#..........# #..........#
. #...)<รท....# .
#..........##### .#
#..............### .#
##..........##...###.#####
##......#...###@yoo...(..
########...# ###h{......
.#..# #o.)$....
..#......oh.......
#..#.#........_....
#..................
.......Y.......
...............
...............


You could see a hornet, 2 orcs and a jackal.

Vanquished Creatures
  A phantom (D:6)
  2 ogres
  A bullfrog (D:6)
  A crimson imp (D:5)
  A hound (D:3)
  3 orc wizards
  An iguana (D:5)
  3 worker ants
  10 gnolls
  4 adders
  2 shadow imps
  2 oozes
  An adder zombie (D:5)
  6 worms
  3 leopard geckos (D:5)
  12 orcs
  A ball python (D:1)
  9 bats
  11 giant cockroaches
  6 hobgoblins
  9 jackals
  9 frilled lizards
  13 goblins
  3 kobolds
  13 rats
127 creatures vanquished.

Vanquished Creatures (collateral kills)
  A water moccasin skeleton (D:4)
  2 gnolls (D:4)
  An adder skeleton (D:4)
4 creatures vanquished.

Grand Total: 131 creatures vanquished

Notes
Turn   | Place    | Note
-------+----------+-------------------------------------------
     0 | D:1      | vurker the Troll Chaos Knight began the quest for the Orb.
     0 | D:1      | Reached XP level 1. HP: 22/22 MP: 0/0
    17 | D:1      | XOM: divination: detect creatures
   138 | D:1      | Reached XP level 2. HP: 29/29 MP: 1/1
   149 | D:1      | Found a white marble altar of Elyvilon.
   263 | D:1      | XOM: silly message
   267 | D:1      | XOM: potion effect (brilliance)
   801 | D:2      | Reached XP level 3. HP: 24/36 MP: 2/2
   849 | D:2      | XOM: scenery: 1 doors open
   902 | D:2      | Reached skill level 4 in Unarmed Combat
  1072 | D:2      | Reached XP level 4. HP: 43/45 MP: 3/3
  1227 | D:2      | XOM: divination: detect items
  1232 | D:2      | XOM: god gift: scale mail {god gift}
  1254 | D:2      | XOM: snakes to sticks
  1457 | D:2      | XOM is BORED!
  1621 | D:3      | XOM: god gift: 12 stones
  1736 | D:3      | Reached skill level 5 in Unarmed Combat
  1821 | D:3      | XOM: smoke on damage
  1824 | D:3      | Reached XP level 5. HP: 37/53 MP: 4/4
  1941 | D:3      | Found a hazy altar of Hepliaklqana.
  2008 | D:3      | Noticed an ogre
  2014 | D:3      | Killed an ogre
  2014 | D:3      | Reached XP level 6. HP: 51/62 MP: 5/5
  2217 | D:4      | Found a runed translucent door.
  2217 | D:4      | XOM: 4-stop teleportation journey
  2221 | D:4      | Reached skill level 6 in Unarmed Combat
  2226 | D:4      | XOM: smoke on damage
  2499 | D:4      | Found a sparkling altar of Nemelex Xobeh.
  2681 | D:4      | XOM is BORED!
  2722 | D:4      | Noticed HYPERHYPER's ghost (amateur DDFi)
  2769 | D:5      | Entered Level 5 of the Dungeon
  2804 | D:5      | Found a white marble altar of Elyvilon.
  2884 | D:5      | Found a staircase to the Ecumenical Temple.
  3027 | D:5      | Reached XP level 7. HP: 70/70 MP: 6/6
  3032 | D:5      | XOM: fog
  3046 | D:5      | Reached skill level 7 in Unarmed Combat
  3176 | D:5      | Found a shimmering altar of Xom.
  3178 | D:5      | Found a shimmering blue altar of Sif Muna.
  3226 | D:5      | XOM: 5-stop teleportation journey
  3577 | D:6      | XOM: enchant monster (bad)
  3579 | D:6      | Noticed a hornet
  3579 | D:6      | an ogre changed into a hornet
  3579 | D:6      | XOM: polymorph ogre -> hornet
  3584 | D:6      | Paralysed by a hornet for 2 turns
  3593 | D:6      | Paralysed by a hornet for 1 turns
  3597 | D:6      | XOM: scenery: create altars
  3597 | D:6      | Paralysed by a hornet for 2 turns
  3598 | D:6      | Mangled by a hornet

Illustrated notes

Levels and vault maps discovered:
D:1:      wander_arrival_desolate, layout_loops_ring, minmay_hexomino_r4
D:2:      minmay_roachtagon, layout_basic, minmay_misc_feat_x
D:3:      layout_rooms, lemuel_doored_altar, first_ration
D:4:      layout_cave_pools, kennysheep_mini, gammafunk_ghost_grave,
          minmay_distorted
D:5:      layout_basic, grunt_temple_overflow_open, elyvilon_altar_5,
          minmay_temple_entry_statues_fountains
D:6:      layout_rooms, basic_altar

Skill      XL: |  1  2  3  4  5  6  7 |
---------------+----------------------+-----
Unarmed Combat | 4 5 6 7 |  7.9
Fighting       | 3 4 |  4.8
Dodging        | |  1.9

Action                   |  1- 3 |  4- 6 |  7- 9 || total
-------------------------+-------+-------+-------++-------
Melee: Unarmed           |   125 |   208 |    65 ||   398
       Punch             |       |     2 |     4 ||     6
Throw: Javelin           |       |       |     2 ||     2
       Throwing net      |       |       |     1 ||     1
  Use: Scroll            |       |       |     9 ||     9
       Potion            |       |       |     1 ||     1
 Stab: Sleeping          |       |     1 |       ||     1
  Eat: Chunk             |    15 |    17 |     6 ||    38
Armor: Robe              |    53 |    87 |    36 ||   176
Dodge: Dodged            |    82 |   132 |    40 ||   254

Table legend:
 A = Non-vault XP
 B = Vault XP
 C = Vault XP percentage of total XP
 D = Non-vault monster count
 E = Vault monster count
 F = Vault count percentage of total count
                 A         B        C        D         E       F
            +---------+---------+-------+---------+---------+-------
      Total |    1238 |      35 |   2.7 |     118 |      13 |   9.9
            +---------+---------+-------+---------+---------+-------
        D:1 |      22 |       6 |  21.4 |      15 |       4 |  21.1
        D:2 |      96 |      14 |  12.7 |      34 |       7 |  17.1
        D:3 |     285 |       0 |   0.0 |      31 |       0 |   0.0
        D:4 |     288 |      15 |   5.0 |      18 |       2 |  10.0
        D:5 |     331 |       0 |   0.0 |      17 |       0 |   0.0
        D:6 |     216 |       0 |   0.0 |       3 |       0 |   0.0
            +---------+---------+-------+---------+---------+-------
